 Dungeon Crawl Stone Soup version 0.31-a0-844-gdc52ec4e09 (webtiles) character file.

Game seed: 15222180624666196393

24680 BinkBink the Severer (level 12, -11/112 HPs)
             Began as a Minotaur Fighter on Sept 30, 2023.
             Was the Champion of Okawaru.
             Mangled by a spriggan defender simulacrum (12 damage)
             ... on level 14 of the Dungeon.
             The game lasted 00:25:58 (11934 turns).

BinkBink the Severer (Minotaur Fighter)            Turns: 11934, Time: 00:26:04

Health: -11/112    AC: 21    Str: 26    XL:     12   Next: 82%
Magic:  11/11      EV: 10    Int:  5    God:    Okawaru [******]
Gold:   761        SH: 11    Dex: 10    Spells: 11/11 levels left

rFire   . . .        D - +3 hand axe (heavy)
rCold   + . .        l - +0 kite shield
rNeg    . . .        y - +0 gold dragon scales
rPois   +            (helmet restricted)
rElec   .            w - scarf {shadows}
rCorr   .            g - +0 pair of gloves
SInv    .            u - +0 pair of boots {rampage}
Will    +....        (no amulet) Stlth
                     f - +5 ring of evasion
HPRegen 0.38/turn    G - +4 ring of slaying
MPRegen 0.12/turn

%: rampage
@: enlightened, flying
A: horns 2, retaliatory headbutt, heat vulnerability 1
a: Renounce Religion, Heroism, Finesse, Duel, Receive Weapon, Receive Armour


You were on level 14 of the Dungeon.
You worshipped Okawaru.
Okawaru was exalted by your worship.
You visited 2 branches of the dungeon, and saw 16 of its levels.

You collected 761 gold pieces.

Inventory:

Hand Weapons
 a - a +0 war axe
 t - a +0 hand axe of electrocution
 D - a +3 heavy hand axe (weapon)
 K - a +2 heavy shortbow
Missiles
 m - 2 throwing nets
Armour
 g - a +0 pair of gloves (worn)
 l - a +0 kite shield (worn)
 u - a +0 pair of boots of rampaging (worn)
 w - a scarf of shadows (worn)
 y - +0 gold dragon scales (worn)
Jewellery
 f - a +5 ring of evasion (left hand)
 G - a +4 ring of slaying (right hand)
Wands
 e - a wand of iceblast (13) (quivered)
 H - a wand of digging (8)
 L - a wand of acid (13)
Scrolls
 c - a scroll of acquirement
 h - a scroll of noise
 k - a scroll of vulnerability {unknown}
 n - a scroll of torment {unknown}
 v - 2 scrolls of immolation
 z - a scroll of revelation
 C - 3 scrolls of teleportation
 E - a scroll of butterflies
 M - a scroll of amnesia
Potions
 b - 3 potions of haste
 d - 3 potions of might
 i - 3 potions of cancellation
 j - 4 potions of berserk rage
 o - 3 potions of brilliance
 p - 2 potions of lignification {unknown}
 q - a potion of degeneration {unknown}
 r - a potion of magic {unknown}
 s - a potion of mutation
 x - a potion of invisibility {unknown}
 A - 2 potions of curing
 B - 2 potions of enlightenment
 F - a potion of resistance {unknown}
 I - a potion of attraction {unknown}


   Skills:
 + Level 12.2 Fighting
 * Level 16.4 Axes
 + Level 12.3 Armour
 + Level 12.3 Shields


You had 11 spell levels left.
You didn't know any spells.
Your spell library contained the following spells:

 Spells                   Type           Power      Damage    Failure   Level
 Wereblood                Tmut           0%         N/A       100%        2
 Ignite Poison            Fire/Tmut/Pois 0%         N/A       100%        3
 Inner Flame              Hex/Fire       0%         N/A       100%        3
 Brom's Barrelling Bould  Conj/Erth      0%         2d3       100%        4
 Flame Wave               Conj/Fire      0%         2d4       100%        4
 Sticky Flame             Conj/Fire      0%         2d3       100%        4
 Fireball                 Conj/Fire      0%         3d3       100%        5
 Irradiate                Conj/Tmut      0%         3d11      100%        5
 Iskenderun's Battlesphe  Conj           0%         2d6       100%        5
 Yara's Violent Unravell  Hex/Tmut       0%         3d3       100%        5
 Conjure Ball Lightning   Conj/Air       0%         3x3d6     100%        6
 Enfeeble                 Hex            0%         N/A       100%        7
 Orb of Destruction       Conj           0%         9d5       100%        7
 Ignition                 Fire           0%         3d3       100%        8


Dungeon Overview and Level Annotations

Branches:
Dungeon (15/15)            Temple (1/1) D:4            Lair (0/5) D:10
 Depths (0/4) D:15
    Orc: D:9-12      Vaults: D:13-14

Altars:
Ashenzari
Cheibriados
Dithmenos
Elyvilon
Fedhas
Gozag
Hepliaklqana
Kikubaaqudgha
Makhleb
Nemelex Xobeh
Okawaru
Qazlal
Ru
Sif Muna
Trog
Uskayaw
Vehumet
Wu Jian
Xom
Yredelemnul
Zin
The Shining One

Shops:
D:10 (

Annotations:
D:6 1 runed translucent door, Crazy Yiuf
D:10 2 runed translucent doors, sanka's ghost, novice DrSh
D:11 6 transporters
D:12 Frances; Urug
D:13 Rupert
D:14 Nessos


Innate Abilities, Weirdness & Mutations

You have a pair of horns on your head.
You reflexively headbutt those who attack you in melee.
You are vulnerable to heat. (rF-)


Message History

Okawaru accepts your kill.
The spriggan defender simulacrum hits you but does no damage.
You miss the spriggan defender simulacrum.
You headbutt the spriggan defender simulacrum!
The spriggan defender simulacrum is lightly damaged.
You block the spriggan defender simulacrum's attack.
An alligator simulacrum comes into view.
You slash the spriggan defender simulacrum!
You headbutt the spriggan defender simulacrum!
The spriggan defender simulacrum is severely damaged.
You block the spriggan defender simulacrum's attack.
The spriggan defender simulacrum hits you but does no damage.
You slice the spriggan defender simulacrum!!
The spriggan defender simulacrum vaporises!
Okawaru accepts your kill.
The spriggan defender simulacrum hits you!
* * * LOW HITPOINT WARNING * * *
The spriggan defender simulacrum freezes you!
You resist.
* * * LOW HITPOINT WARNING * * *
It was a potion of enlightenment.
You feel very buoyant.
You fly up into the air.
The spriggan defender simulacrum hits you.
* * * LOW HITPOINT WARNING * * *
The spriggan defender simulacrum freezes you!
You resist.
* * * LOW HITPOINT WARNING * * *
Okay, then.
Okay, then.
Okay, then.
You cannot coerce anything to answer your summons.
Okay, then.
It was a potion of mutation.
You feel extremely strange.
You feel vulnerable to heat.
The spriggan defender simulacrum hits you!
* * * LOW HITPOINT WARNING * * *
The spriggan defender simulacrum freezes you!
You resist.
You die...

.###.###......#
#..#####.#
......##.###..#
#........# #.
#.)......##
##.#####.# .
##.#.###.## #.#
#.# # #..#.# #
#.# #.#
#.#.#### # #.#
#.. #...####
.### #.# #.#
#....(.###Z....
#.# #.#
######..@ZZZ...
..# #.#
#####..... #..
.... ### ... ##


You could see an alligator simulacrum, a spriggan defender simulacrum and 2
minotaur simulacra.

Vanquished Creatures
  Erolcha (D:10)
  A centaur warrior (D:14)
  A hydra (D:15)
  A boulder beetle (D:11)
  3 two-headed ogres
  Nergalle (D:10)
  A sixfirhy (D:14)
  A skeletal warrior (D:11)
  A spriggan simulacrum (D:14)
  A deep elf pyromancer (D:12)
  A wizard (D:11)
  Pikel (D:6)
  An ugly thing (D:14)
  A cyclops (D:12)
  A manticore (D:11)
  A kobold demonologist (D:10)
  A freezing wraith (D:14)
  An unseen horror (D:11)
  An efreet (D:14)
  Psyche (D:8)
  An alligator simulacrum (D:14)
  2 trolls
  Grinder (D:6)
  Sigmund (D:2)
  A wyvern (D:7)
  A vampire (D:12)
  18 yaks
  A shadow (D:11)
  A dire elephant simulacrum (D:14)
  4 wraiths
  A human (D:14)
  2 basilisks
  3 vampire mosquitoes (D:14)
  A harpy simulacrum (D:14)
  An acid dragon (D:11)
  3 wargs (D:10)
  3 water moccasins (D:5)
  4 sky beasts
  6 orc warriors
  2 ice beasts
  3 black bears
  6 ogres
  6 centaurs
  A lemure (D:6)
  Blork the orc (D:6)
  2 phantoms
  A bullfrog (D:9)
  24 kobold brigands
  A gnoll sergeant (D:6)
  6 scorpions
  15 wights
  19 killer bees
  8 howler monkeys
  2 jellies (D:7)
  A quasit (D:14)
  2 hounds
  3 gnoll boudas
  11 orc priests
  Jessica (D:3)
  8 iguanas
  16 orc wizards
  Ijyb (D:5)
  19 gnolls
  12 adders
  2 shadow imps
  A white imp (D:8)
  An ufetubus (D:5)
  2 worms
  4 dart slugs
  60 orcs
  6 endoplasms
  4 giant cockroaches
  6 hobgoblins
  6 quokkas
  11 ball pythons
  6 bats
  2 frilled lizards
  3 goblins
  21 kobolds
  5 rats
388 creatures vanquished.

Vanquished Creatures (others)
  A wight (D:8)
1 creature vanquished.

Grand Total: 389 creatures vanquished

Notes
Turn   | Place    | Note
-------+----------+-------------------------------------------
     0 | D:1      | BinkBink the Minotaur Fighter began the quest for the Orb.
     0 | D:1      | Reached XP level 1. HP: 19/19 MP: 0/0
     1 | D:1      | Noticed an electric eel
   318 | D:1      | Reached XP level 2. HP: 27/27 MP: 1/1
   405 | D:1      | Reached skill level 3 in Axes
   654 | D:1      | Reached XP level 3. HP: 33/33 MP: 2/2
   921 | D:2      | Noticed Sigmund
   929 | D:2      | Killed Sigmund
   930 | D:2      | Reached skill level 4 in Axes
   930 | D:2      | Reached XP level 4. HP: 37/41 MP: 3/3
   930 | D:2      | Reached XP level 5. HP: 42/47 MP: 4/4
  1291 | D:2      | Reached skill level 5 in Axes
  1768 | D:3      | Noticed Jessica
  1774 | D:3      | Killed Jessica
  1776 | D:3      | Reached XP level 6. HP: 55/55 MP: 5/5
  1975 | D:3      | Reached skill level 5 in Shields
  2025 | D:3      | Reached skill level 5 in Fighting
  2025 | D:3      | Reached skill level 5 in Armour
  2479 | D:4      | Found a staircase to the Ecumenical Temple.
  2487 | Temple   | Entered the Ecumenical Temple
  2513 | Temple   | Became a worshipper of Warmaster Okawaru
  2569 | D:4      | Noticed a +0 short sword
  2569 | D:4      | Noticed a +0 spear
  2570 | D:4      | Noticed a +0 falchion
  2570 | D:4      | Noticed a +0 dagger
  2572 | D:4      | Noticed a +0 dagger
  2573 | D:4      | Noticed a +0 spear
  2573 | D:4      | Noticed a +0 falchion
  2573 | D:4      | Noticed a +0 short sword
  2575 | D:4      | Found a hide-covered altar of Uskayaw.
  2669 | D:4      | Reached skill level 6 in Axes
  2669 | D:4      | Reached XP level 7. HP: 42/61 MP: 6/6
  3136 | D:4      | Found a broken altar of Ashenzari.
  3177 | D:4      | Found an ancient bone altar of Kikubaaqudgha.
  3179 | D:4      | Found an ornate altar of the Wu Jian Council.
  3190 | D:4      | Found an opulent altar of Gozag.
  3342 | D:5      | Entered Level 5 of the Dungeon
  3362 | D:5      | Reached * piety under Okawaru
  3380 | D:5      | Reached skill level 7 in Axes
  3572 | D:5      | Reached XP level 8. HP: 70/70 MP: 7/7
  3588 | D:5      | Reached ** piety under Okawaru
  3745 | D:5      | Reached skill level 8 in Axes
  3772 | D:5      | Reached skill level 9 in Axes
  3893 | D:5      | Reached *** piety under Okawaru
  3896 | D:5      | Reached XP level 9. HP: 71/79 MP: 8/8
  3946 | D:5      | Noticed Ijyb
  3963 | D:5      | Killed Ijyb
  3974 | D:5      | Identified a scroll of acquirement
  4091 | D:5      | Noticed a two-headed ogre
  4098 | D:5      | Killed a two-headed ogre
  4098 | D:5      | Reached **** piety under Okawaru
  4099 | D:5      | Reached skill level 10 in Axes
  4459 | D:6      | Noticed Pikel
  4498 | D:6      | Killed Pikel
  4499 | D:6      | Reached skill level 11 in Axes
  4499 | D:6      | Reached ***** piety under Okawaru
  4544 | D:6      | Found a runed translucent door.
  4545 | D:6      | Noticed Crazy Yiuf
  4638 | D:6      | Noticed Grinder
  4642 | D:6      | Killed Grinder
  4643 | D:6      | Reached XP level 10. HP: 71/90 MP: 9/9
  4987 | D:6      | Noticed Blork the orc
  4994 | D:6      | Killed Blork the orc
  5717 | D:7      | Reached skill level 12 in Axes
  6480 | D:8      | Found a sacrificial altar of Ru.
  6509 | D:8      | Noticed Psyche
  6635 | D:8      | Received a gift from Okawaru
  7117 | D:8      | Killed Psyche
  7511 | D:9      | Reached skill level 13 in Axes
  7636 | D:9      | Reached XP level 11. HP: 99/99 MP: 10/10
  7699 | D:9      | Reached skill level 10 in Armour
  7699 | D:9      | Reached skill level 10 in Shields
  7707 | D:9      | Reached skill level 10 in Fighting
  8320 | D:10     | Entered Level 10 of the Dungeon
  8359 | D:10     | Noticed Erolcha
  8370 | D:10     | Killed Erolcha
  8370 | D:10     | Received a gift from Okawaru
  8547 | D:10     | Found Kujuvax's Firing Range.
  8615 | D:10     | Reached skill level 14 in Axes
  8751 | D:10     | Found a staircase to the Lair.
  8843 | D:10     | Noticed Nergalle
  8849 | D:10     | Killed Nergalle
  8952 | D:10     | Reached ****** piety under Okawaru
  8973 | D:10     | Received a gift from Okawaru
  9198 | D:10     | Found a large runed translucent door.
  9198 | D:10     | Found a large runed translucent door.
  9200 | D:10     | Noticed sanka's ghost (novice DrSh)
  9431 | D:11     | Noticed a skeletal warrior
  9433 | D:11     | Noticed a wizard
  9436 | D:11     | Killed a skeletal warrior
  9437 | D:11     | Reached XP level 12. HP: 95/110 MP: 11/11
  9443 | D:11     | Reached skill level 15 in Axes
  9448 | D:11     | Noticed a two-headed ogre
  9779 | D:11     | Found a transporter.
  9779 | D:11     | Found a transporter.
  9824 | D:11     | Found a transporter.
  9828 | D:11     | Found a transporter.
  9879 | D:11     | Noticed a boulder beetle
  9890 | D:11     | Killed a boulder beetle
  9948 | D:11     | Found a transporter.
  9949 | D:11     | Found a transporter.
 10343 | D:10     | Killed a two-headed ogre
 10616 | D:11     | You fall into a shaft and drop 1 floor!
 10625 | D:12     | Received a gift from Okawaru
 10655 | D:12     | Noticed Frances
 10747 | D:12     | Noticed Urug
 10758 | D:13     | Noticed Rupert
 10758 | D:13     | Noticed a five-headed hydra
 10758 | D:13     | Noticed a five-headed hydra
 10761 | D:14     | Noticed Nessos
 10780 | D:14     | HP: 4/111 [Nessos/arrow (11)]
 10780 | D:14     | HP: 1/111 [Nessos/arrow (3)]
 11081 | D:14     | Noticed a boulder beetle
 11083 | D:14     | Noticed an ironbound frostheart
 11101 | D:15     | Entered Level 15 of the Dungeon
 11289 | D:15     | Noticed a five-headed hydra
 11300 | D:15     | Killed an eight-headed hydra
 11492 | D:15     | Found a staircase to the Depths.
 11492 | D:15     | Noticed a stone giant
 11611 | D:14     | Reached skill level 16 in Axes
 11828 | D:14     | Noticed a centaur warrior
 11836 | D:14     | Killed a centaur warrior
 11836 | D:14     | Received a gift from Okawaru
 11881 | D:14     | Noticed a vault guard
 11905 | D:14     | Noticed a two-headed ogre
 11911 | D:14     | Killed a two-headed ogre
 11934 | D:14     | Gained mutation: You are vulnerable to heat. (rF-) [potion
                  | of mutation]
 11934 | D:14     | HP: 1/112 [spriggan defender simulacrum (7)]
 11934 | D:14     | Mangled by a spriggan defender simulacrum

Illustrated notes

Levels and vault maps discovered:
D:1:      arrival_aquarium_a, layout_basic, minmay_cupped
D:2:      layout_basic, chequers_decorated_corner, interstate_on_off,
          uniq_sigmund
D:3:      minmay_wonky_spiral, layout_rooms, uniq_jessica
D:4:      minmay_skewed_foursquare, layout_basic, kennysheep_mini,
          kennysheep_little_box, nicolae_uskayaw_en_pointe,
          nicolae_overflow_hidden_temple, minmay_temple_entry_ruins
D:5:      cheibrodos_fzero, layout_cave_pools, uniq_ijyb
D:6:      layout_cave_pools, palyth_stone_intersect, uniq_blork_the_orc,
          uniq_pikel, uniq_grinder, uniq_crazy_yiuf_cottage
D:7:      layout_basic, minmay_misc_feat_diagonals
D:8:      layout_basic, pf_just_have_faith, uniq_psyche
D:9:      layout_basic, special_room [special_room_orc]
D:10:     layout_roguey [special_room_kobold], erik_lair_orcish_takeover,
          ebering_ghost_disaster_area, nicolae_shop_firing_range, uniq_nergalle,
          uniq_erolcha
D:11:     nzn_winding_woodlands_stair_cross [nzn_winding_woodlands_5x15_zeroes,
          nzn_winding_woodlands_center_triple_pond,
          nzn_winding_woodlands_5x15_split_checker,
          nzn_winding_woodlands_5x5_checkerboard,
          nzn_winding_woodlands_5x5_cross,
          nzn_winding_woodlands_5x15_sidewinder,
          nzn_winding_woodlands_center_diamonds,
          nzn_winding_woodlands_5x15_concentric], layout_basic, orc_0_dummy,
          serial_nicolae_subway, nicolae_sub_station_stone,
          nicolae_sub_station_metal, nicolae_sub_station_crystal
D:12:     layout_cave_pools, uniq_frances, uniq_urug
D:13:     layout_rooms, uniq_rupert
D:14:     kennysheep_demon_hangout, layout_loops_ring, hellmonk_vaults_keyhole,
          portal_ice_cave_entry_ice_simulacra, small_statue_intersection,
          nicolae_letterblocks [nicolae_letter_subblock,
          nicolae_letter_subblock, nicolae_letter_subblock,
          nicolae_letter_subblock, nicolae_letter_subblock,
          nicolae_letter_subblock, nicolae_letter_subblock,
          nicolae_letter_subblock, nicolae_letter_subblock,
          nicolae_letter_subblock, nicolae_letter_subblock,
          nicolae_letter_subblock, nicolae_letter_subblock,
          nicolae_letter_subblock, nicolae_letter_subblock,
          nicolae_letter_subblock, nicolae_letter_subblock,
          nicolae_letter_subblock, nicolae_letter_subblock,
          nicolae_letter_subblock, nicolae_letter_subblock,
          nicolae_letter_subblock, nicolae_letter_subblock,
          nicolae_letter_subblock, nicolae_letter_subblock], uniq_nessos
D:15:     grunt_enter_depths_giant_problem, layout_stronghold,
          minmay_misc_feat_rugged, uniq_azrael
Temple:   nicolae_temple_bog_church

Skill      XL: |  1  2  3  4  5  6  7  8  9 10 11 12 |
---------------+-------------------------------------+-----
Axes           | 3 4 5 6 7 9 11 13 14 16 | 16.4
Shields        | 4 5 6 7 8 9 11 12 | 12.3
Armour         | 4 5 6 7 8 9 11 12 | 12.3
Fighting       | 4 5 6 7 8 9 11 12 | 12.2

Action                     |  1- 3 |  4- 6 |  7- 9 | 10-12 || total
---------------------------+-------+-------+-------+-------++-------
  Melee: War axe           |    46 |    31 |       |       ||    77
         Headbutt          |     3 |    15 |    33 |   102 ||   153
         Hand axe          |       |    81 |   227 |   578 ||   886
         Unarmed           |       |       |       |     3 ||     3
  Evoke: Wand              |       |       |     3 |     5 ||     8
    Use: Scroll            |       |       |    10 |    11 ||    21
         Potion            |       |       |       |     4 ||     4
 Armour: Scale mail        |    26 |    34 |       |       ||    60
         Gold dragon scale |       |    20 |   154 |   435 ||   609
         Skin              |       |       |       |     7 ||     7
  Dodge: Dodged            |    33 |    44 |    65 |   171 ||   313
  Block: Buckler           |    15 |    17 |       |       ||    32
         Kite shield       |       |    11 |   115 |   279 ||   405

Table legend: (Time is in decaauts)
 A = Elapsed time spent in this place.
 B = Non-inter-level travel time spent in this place.
 C = Inter-level travel time spent in this place.
 D = Time resting spent in this place.
 E = Time spent auto-exploring this place.
 F = Levels seen in this place.
 G = Mean time per level.
                   A        B        C        D        E       F      G
               +--------+--------+--------+--------+--------+-----+--------+
         Total |  12007 |  11254 |    753 |    646 |   8331 |  16 |  750.4 |
       Dungeon |  11953 |  11251 |    702 |    646 |   8331 |  15 |  796.9 |
        Temple |     53 |      2 |     51 |      0 |      0 |   1 |   53.0 |
               +--------+--------+--------+--------+--------+-----+--------+

Top non-repeatable levels by time:
    D:10: 1887 daAuts
     D:7: 1307 daAuts
     D:5: 1089 daAuts
     D:9: 986 daAuts
     D:4: 961 daAuts
     D:2: 927 daAuts
     D:6: 909 daAuts
     D:1: 863 daAuts
     D:8: 719 daAuts
    D:14: 674 daAuts
     D:3: 572 daAuts
    D:15: 495 daAuts
    D:11: 416 daAuts
    D:12: 138 daAuts
  Temple: 53 daAuts
